 Dungeon Crawl Stone Soup version 0.28-a0-769-g550dbda0cd (webtiles) character file.

Game seed: 5439383562960905000

21 funkygono the Firebug (level 2, -3/15 HPs)
             Began as a Gargoyle Fire Elementalist on Nov 1, 2021.
             Killed from afar by Sigmund (5 damage)
             ... with a puff of flame
             ... on level 2 of the Dungeon.
             The game lasted 00:01:11 (467 turns).

funkygono the Firebug (Gargoyle Fire Elementalist)   Turns: 467, Time: 00:01:11

Health: -3/15      AC:  4    Str: 11    XL:     2   Next: 83%
Magic:  1/5        EV: 12    Int: 15    God:
Gold:   49         SH:  0    Dex: 10    Spells: 2/5 levels left

rFire   . . .      SeeInvis .   c - +0 club
rCold   . . .      Faith    .   (no shield)
rNeg    + . .      Spirit   .   a - +0 robe
rPois   ∞          Reflect  .   (no helmet)
rElec   +          Harm     .   (no cloak)
rCorr   .          Rampage  .   (no gloves)
Will    .....                   (no boots)
Stlth   ++........              (no amulet)
HPRegen 0.05/turn               (no ring)
MPRegen 0.09/turn               (no ring)

@: no status effects
A: sickness immunity, AC +2, negative energy resistance 1, electricity
resistance, torment resistance 1, petrification resistance
a: no special abilities


You were on level 2 of the Dungeon.
You visited 1 branch of the dungeon, and saw 2 of its levels.

You collected 49 gold pieces.

Inventory:

Hand Weapons
 c - a +0 club (weapon)
Missiles
 b - 75 stones
Armour
 a - a +0 robe (worn)
Scrolls
 d - a scroll of immolation {unknown}
 f - a scroll of identify {unknown}
Potions
 e - a potion of brilliance {unknown}
 g - a potion of curing {unknown}


   Skills:
 + Level 1.6 Dodging
 - Level 2.1 Stealth
 * Level 2.3 Spellcasting
 * Level 1.4 Conjurations
 * Level 3.5 Fire Magic


You had 2 spell levels left.
You knew the following spells:

 Your Spells              Type           Power      Damage    Failure   Level
a - Foxfire               Conj/Fire      36%        2x1d5     8%          1
b - Scorch                Fire           24%        2d6       8%          2

Your spell library contained the following spells:

 Spells                   Type           Power      Damage    Failure   Level
 Conjure Flame            Conj/Fire      9%         6-21      24%         3
 Inner Flame              Hex/Fire       7%         N/A       30%         3
 Flame Wave               Conj/Fire      9%         3d4       61%         4


Dungeon Overview and Level Annotations

Branches:
Dungeon (1/15)

Altars:

Annotations:
D:2 Sigmund


Innate Abilities, Weirdness & Mutations

You are immune to sickness and miasma.
Your stone body is resilient. (AC +2)
You are immune to poison.
You resist negative energy. (rN+)
You are resistant to electric shocks. (rElec)
You are resistant to unholy torment.
You are immune to petrification.


Message History

Sigmund flickers and vanishes!
Deactivating autopickup; reactivate with Ctrl-A.
There is an open door here.
Casting: Scorch (safe; 8% risk of failure)
Confirm with . or Enter, or press ? or * to list all spells.
You conjure some foxfire!
The foxfire hits the jackal.
The jackal is moderately wounded.
Casting: Foxfire (safe; 8% risk of failure)
Confirm with . or Enter, or press ? or * to list all spells.
You conjure some foxfire!
The jackal barely misses you.
Casting: Foxfire (safe; 8% risk of failure)
Confirm with . or Enter, or press ? or * to list all spells.
You don't know that spell.
Sorry, you're not good enough to have a special ability.
Unknown command.
The foxfire hits the jackal.
The jackal is almost dead.
The foxfire hits the jackal but does no damage.
The jackal is almost dead.
The foxfire hits the jackal.
You kill the jackal!
Casting: Foxfire (safe; 8% risk of failure)
Confirm with . or Enter, or press ? or * to list all spells.
You conjure some foxfire!
Casting: Foxfire (safe; 8% risk of failure)
Confirm with . or Enter, or press ? or * to list all spells.
You conjure some foxfire!
The foxfire hits something. x2
Casting: Foxfire (safe; 8% risk of failure)
Confirm with . or Enter, or press ? or * to list all spells.
You don't have enough magic to cast this spell.
Unknown command.
Your foxfire dissipates!
The foxfire hits something.
Something hits you!
Ouch! That really hurt!
* * * LOW HITPOINT WARNING * * *
You hear some strange, mumbled words.
A puff of flame appears from out of thin air!
The puff of flame hits you.
You die...

....####'### ....# #.#
....# #.# ....# #.#
############# ....# #.#
#...#.......#
#..#####.###...#.......#
.... #.....#...#.......#
.... #.....##'##.......#
#........{.@......#
#.................#
#........##########
#....#...# #....#...#
#..†.#...# ###'##...#
#.##...# #.##...#


There were no monsters in sight!

Vanquished Creatures
  2 ball pythons (D:1)
  5 endoplasms (D:1)
  A giant cockroach (D:2)
  4 goblins
  2 hobgoblins (D:1)
  A jackal (D:2)
  A kobold (D:1)
16 creatures vanquished.

Vanquished Creatures (others)
  41 foxfires
41 creatures vanquished.

Grand Total: 57 creatures vanquished

Notes
Turn   | Place    | Note
-------+----------+-------------------------------------------
     0 | D:1      | funkygono the Gargoyle Fire Elementalist began the quest
                  | for the Orb.
     0 | D:1      | Reached XP level 1. HP: 10/10 MP: 3/3
   111 | D:1      | Reached XP level 2. HP: 15/15 MP: 3/5
   114 | D:1      | Learned a level 2 spell: Scorch
   350 | D:1      | You fall into a shaft and drop 1 floor!
   446 | D:2      | Noticed Sigmund
   467 | D:2      | Killed from afar by Sigmund

Illustrated notes

Levels and vault maps discovered:
D:1:      ebering_trefoil_twist, layout_rooms
D:2:      layout_basic, eino_tiny_chamber, uniq_jessica, uniq_sigmund

Action                   || total
-------------------------++-------
Melee: Club              ||    23
 Cast: Foxfire           ||    24
       Scorch            ||     1
Armor: Robe              ||    10
Dodge: Dodged            ||    22

Table legend: (Time is in decaauts)
 A = Elapsed time spent in this place.
 B = Non-inter-level travel time spent in this place.
 C = Inter-level travel time spent in this place.
 D = Time resting spent in this place.
 E = Time spent auto-exploring this place.
 F = Levels seen in this place.
 G = Mean time per level.
                   A        B        C        D        E       F      G
               +--------+--------+--------+--------+--------+-----+--------+
         Total |    473 |    473 |      0 |     35 |    292 |   2 |  236.5 |
       Dungeon |    473 |    473 |      0 |     35 |    292 |   2 |  236.5 |
               +--------+--------+--------+--------+--------+-----+--------+

Top non-repeatable levels by time:
     D:1: 354 daAuts
     D:2: 119 daAuts
